[Event "*** Titled Tuesday Blitz"]
[Site "Chess.com"]
[Date "2020.04.28"]
[Round "3"]
[White "Pawnpusherschessaccademy"]
[Black "Stormeman100100"]
[Result "0-1"]
[WhiteElo "2231"]
[BlackElo "2508"]
[TimeControl "180+1"]
[EndTime "10:28:45 PDT"]
[Termination "Stormeman100100 won by resignation"]

1. e4 c6 2. d4 d5 3. e5 Bf5 4.
Ne2 e6 5. Ng3 Bg6 6. h4 h6 7. h5 Bh7 8. Bd3 Bxd3 9. cxd3 c5 10.
dxc5 Bxc5 11. d4 Bb6 12. Qg4 Kf8 13. Be3 Nc6 14. O-O Nge7 15. Nc3 Qd7 16. Nb5 a6 17. Nd6 Nc8 18. Nxc8 Rxc8 19. Rad1 Ne7 20. Rd2 Nf5 21.
Nxf5 exf5 22. Qf3 Kg8 23. Kh1 Kh7 24. Rg1 g5 25. hxg6+ fxg6 26. g4 fxg4 27. Qxg4 Qxg4 28. Rxg4 g5 29. Rg3 Kg6 30. Rf3 Rcf8 31. Rxf8 Rxf8 32. Rc2 g4 33. Kg2 h5 34. Rc3 Ba7 35. Rc7 Rf7 36. Rc8 Kf5 37. Rh8 Ke4 38. Rxh5 Bxd4 39. Bxd4 Kxd4 40. e6 Re7 41. Rh6 Ke5 42. Kg3 d4 43. Kxg4 Ke4 44. f4 d3 45. f5 d2 46. Rh1 Rg7+ 47. Kh5 Kxf5 48. Kh6 Rg6+ 49. Kh7 Rxe6 0-1

[Event "*** Titled Tuesday Blitz"]
[Site "Chess.com"]
[Date "2020.04.28"]
[Round "3"]
[White "Galiev_Azat"]
[Black "AthanasiusLefebvre"]
[Result "1-0"]
[WhiteElo "2291"]
[BlackElo "1951"]
[TimeControl "180+1"]
[EndTime "10:28:45 PDT"]
[Termination "Galiev_Azat won on time"]

1. d4 d6 2. Bf4 g6 3. Nf3 Bg7 4.
e3 Nf6 5. h3 O-O 6. Be2 c5 7.
c4 Nc6 8. Nc3 a6 9. O-O Re8 10.
Bh2 Bf5 11. a3 Ne4 12. Nxe4 Bxe4 13. d5 Ne5 14. Nxe5 dxe5 15. Bd3 Bxd3 16. Qxd3 f5 17. e4 f4 18. b4 b6 19. Rab1 Rb8 20. g3 Rf8 21. gxf4 exf4 22. f3 Bd4+ 23. Kh1 Qd7 24. Kg2 g5 25. Bg1 Bxg1 26. Rxg1 Qd6 27. Kf2 Qh6 28. Rg4 Rf6 29. Rbg1 Rg6 30. e5 Qxh3 31. d6 1-0

[Event "*** Titled Tuesday Blitz"]
[Site "Chess.com"]
[Date "2020.04.28"]
[Round "3"]
[White "theblitzchamp"]
[Black "Bigfish1995"]
[Result "0-1"]
[WhiteElo "2677"]
[BlackElo "3100"]
[TimeControl "180+1"]
[EndTime "10:28:46 PDT"]
[Termination "Bigfish1995 won by resignation"]

1. e4 c5 2. Nf3 d6 3. d4 cxd4 4. Nxd4 Nf6 5. Nc3 a6 6. Bc4 e6 7. Bb3 Nbd7 8. f4 Nc5 9. O-O Be7 10. e5 dxe5 11. fxe5 Nfd7 12. Qh5 O-O 13. Bf4 Nxb3 14. axb3 f5 15. Kh1 Nb6 16. Rad1 Qe8 17. Qf3 Rb8 18.
Rd2 Bd7 19. Rfd1 Bc6 20. Qf2 Bc5 21. Be3 Nd5 22. Nxd5 Bxd5 23. Qe2 f4 24. Nxe6 f3 25. Nxf8 fxe2 26. Rxe2 Bxe3 27. Rxe3 Qxf8 28. c4 Bc6 29. h3 Qf2 30. Re2 Qxe2 0-1

[Event "*** Titled Tuesday Blitz"]
[Site "Chess.com"]
[Date "2020.04.28"]
[Round "3"]
[White "EugeneRougon"]
[Black "enriquetejedor"]
[Result "1-0"]
[WhiteElo "2747"]
[BlackElo "2521"]
[TimeControl "180+1"]
[EndTime "10:28:47 PDT"]
[Termination "EugeneRougon won on time"]

1. e4 c5 2. Nf3 e6 3. g3 d5 4.
exd5 exd5 5. d4 Nc6 6. Bg2 Nf6 7. O-O cxd4 8. Nxd4 Be7 9. Nc3 O-O 10. h3 h6 11.
a3 Re8 12. Bf4 a6 13. Qd2 Bc5 14. Nb3 Bf8 15. Rad1 Be6 16. Kh2 g5 17. Be3 Ne7 18. Nd4 Rc8 19. f4 gxf4 20. Bxf4 Ng6 21. Bxh6 Bd6 22. Bg5 Bxg3+ 23. Kxg3 Nh5+ 24. Kh2 Qd6+ 25. Kg1 Rc4 26. Nce2 Ng3 27. Nxg3 Qxg3 28. Rf3 Qe5 29. Bf6 Qh5 30. Rg3 Qh7 31. Nxe6 Rxe6 32. Bxd5 Rf4 33. Qxf4 Re1+ 34. Rxe1 1-0

[Event "*** Titled Tuesday Blitz"]
[Site "Chess.com"]
[Date "2020.04.28"]
[Round "3"]
[White "TheCount"]
[Black "Andrii_Prydun"]
[Result "1-0"]
[WhiteElo "2627"]
[BlackElo "2343"]
[TimeControl "180+1"]
[EndTime "10:28:47 PDT"]
[Termination "TheCount won by checkmate"]

1. d4 d6 2. Nf3 Nd7 3. e4 e5 4.
Nc3 Ngf6 5. Bc4 Be7 6. O-O O-O 7. Re1 c6 8. a4 a5 9. h3 h6 10. Be3 Qc7 11. Nh4 Re8 12. Nf5 Bf8 13. Ba2 exd4 14.
Bxd4 Ne5 15. f4 Bxf5 16. exf5 Ned7 17. Qf3 d5 18. g4 Rxe1+ 19. Rxe1 Re8 20. Rd1 Bd6 21.
g5 Ne4 22. Nxd5 cxd5 23. Bxd5 Ndc5 24. g6 Rf8 25. Bxe4 fxg6 26. Bd5+ Kh8 27. Qg4 gxf5 28. Qg6 Ne4 29. Qxh6# 1-0

[Event "*** Titled Tuesday Blitz"]
[Site "Chess.com"]
[Date "2020.04.28"]
[Round "3"]
[White "Semen_Khanin"]
[Black "GMJustin"]
[Result "1-0"]
[WhiteElo "2715"]
[BlackElo "2427"]
[TimeControl "180+1"]
[EndTime "10:28:47 PDT"]
[Termination "Semen_Khanin won on time"]

1. e4 e5 2. Nf3 Nc6 3. Bb5 g6 4. d4 exd4 5. Nxd4 Bg7 6. Be3 Nge7 7. Nc3 O-O 8. h4 d5 9. h5 dxe4 10. Bxc6 Nxc6 11. Nxc6 Qxd1+ 12. Rxd1 bxc6 13. h6 Bxc3+ 14. bxc3 Be6 15. Rd4 Bxa2 16. Ra4 Bd5 17. Bxa7 e3 18.
f3 f5 19. Ke2 f4 20. Rha1 g5 21. Bd4 Rxa4 22. Rxa4 Kf7 23. Ra7 Bc4+ 24. Kd1 Rb8 25. Rxc7+ Ke6 26. Rxc6+ Kd7 27. Rxc4 Rb1+ 28. Ke2 Rg1 29.
Rc5 Rxg2+ 30. Kd3 Rd2+ 31. Kc4 g4 32. fxg4 1-0

[Event "*** Titled Tuesday Blitz"]
[Site "Chess.com"]
[Date "2020.04.28"]
[Round "3"]
[White "GOGIEFF"]
[Black "anon132639"]
[Result "1-0"]
[WhiteElo "2981"]
[BlackElo "2665"]
[TimeControl "180+1"]
[EndTime "10:28:49 PDT"]
[Termination "GOGIEFF won on time"]

1. d4 Nf6 2. c4 g6 3. Nc3 Bg7 4. e4 O-O 5. Bg5 d6 6. Qd2 Na6 7. Bd3 c5 8. d5 Nc7 9. Nge2 a6 10.
a4 Rb8 11. O-O Bd7 12. a5 b5 13. axb6 Rxb6 14. f4 Qb8 15. Ra2 Re8 16. h3 Bc8 17. Ng3 Nd7 18. Kh1 Rb4 19. e5 f6 20. exf6 exf6 21.
Bh4 f5 22. Bxf5 gxf5 23. Nxf5 Bf8 24. b3 Rxb3 25. Rf3 Kh8 26. Rg3 a5 27. Qd1 a4 28.
Qg4 Bh6 29. Nxh6 1-0

[Event "*** Titled Tuesday Blitz"]
[Site "Chess.com"]
[Date "2020.04.28"]
[Round "3"]
[White "kuba2006"]
[Black "Firegrizzly"]
[Result "0-1"]
[WhiteElo "2411"]
[BlackElo "2645"]
[TimeControl "180+1"]
[EndTime "10:28:50 PDT"]
[Termination "Firegrizzly won on time"]

1. e4 e6 2. d4 d5 3. e5 c5 4. c3 Nc6 5. Nf3 Bd7 6. Bd3 Nge7 7. O-O Ng6 8. Re1 Be7 9. dxc5 Bxc5 10. b4 Be7 11.
Bb2 O-O 12. a3 a5 13. b5 Na7 14. a4 Nc8 15. Nbd2 Nb6 16. c4 Bb4 17. Ba3 Rc8 18. Bxb4 axb4 19. Qb3 Nf4 20. Bf1 dxc4 21. Nxc4 Nbd5 22.
g3 Ng6 23. Rad1 Qe7 24. Rd3 Rc5 25. Red1 Rfc8 26. Nd6 R8c7 27. b6 R7c6 28. Nxb7 Rc3 29. Rxc3 Rxc3 30. Qb2 Rxf3 31. Bg2 Rc3 32. Bxd5 exd5 33.
Nd6 Nxe5 34. Qxb4 Rc4 35. Nxc4 Qxb4 36. Nxe5 Bxa4 37. Rc1 h5 38. Nc6 Qxb6 39. Ne7+ Kh7 40. Nxd5 Qb2 41. Rf1 Bc6 42. Ne3 Qe5 43. Rd1 Qe4 44.
Kf1 Qf3 0-1

[Event "*** Titled Tuesday Blitz"]
[Site "Chess.com"]
[Date "2020.04.28"]
[Round "3"]
[White "verdest"]
[Black "davigator"]
[Result "1/2-1/2"]
[WhiteElo "2580"]
[BlackElo "2392"]
[TimeControl "180+1"]
[EndTime "10:28:50 PDT"]
[Termination "Game drawn by repetition"]

1. d4 Nf6 2. c4 e6 3. Nf3 Bb4+ 4. Bd2 a5 5. e3 O-O 6. Bd3 d5 7. O-O b6 8. Nc3 Bb7 9. cxd5 exd5 10. Ne5 Nbd7 11. a3 Bxc3 12. Bxc3 Ne4 13. Nxd7 Qxd7 14. f3 Nf6 15. Qe1 Rfe8 16. Qf2 Qd6 17. Rae1 c5 18.
dxc5 bxc5 19. Qg3 Qb6 20. Kh1 Ba6 21. Bxa6 Qxa6 22. Qf4 Rad8 23. Bxf6 Qxf6 24. Qxf6 gxf6 25. Kg1 Rb8 26. Rf2 d4 27. e4 c4 28. Rc2 Rec8 29.
Kf2 d3 30. Rd2 Rb3 31. Rc1 Rcb8 32. Rxc4 Rxb2 33. Ke3 Rxd2 34. Kxd2 Rb2+ 35. Kxd3 Rxg2 36. Ra4 Rxh2 37. Rxa5 h5 38. a4 Kg7 39. Rf5 Kg6 40.
a5 Ra2 41. Ke3 h4 42. Rf4 h3 43. Rh4 h2 44. Kf4 Kg7 45. a6 Rxa6 46. Rxh2 Ra5 47. Rg2+ Kf8 48. Rd2 Kg7 49. Rg2+ Kf8 50. Rd2 Kg7 51.
Rg2+ 1/2-1/2

[Event "*** Titled Tuesday Blitz"]
[Site "Chess.com"]
[Date "2020.04.28"]
[Round "3"]
[White "GodDMuhammad"]
[Black "adriangschnitzer"]
[Result "1-0"]
[WhiteElo "2208"]
[BlackElo "2401"]
[TimeControl "180+1"]
[EndTime "10:28:50 PDT"]
[Termination "GodDMuhammad won by resignation"]

1. e4 c5 2. d4 cxd4 3. c3 dxc3 4. Nxc3 e6 5. f4 a6 6. Nf3 b5 7. Bd3 Bb7 8. O-O Nc6 9. Be3 Rc8 10. f5 Nb4 11.
Bb1 Bc5 12. Bxc5 Rxc5 13. Qd4 Rc4 14. Qxg7 Qf6 15. Qg3 Ne7 16. fxe6 Qxe6 17. a3 Qb6+ 18. Kh1 Rg8 19. Qh4 Nbc6 20. Ba2 Rc5 21. Nd5 Nxd5 22.
exd5 Ne7 23. Rae1 Qd6 24. Qxh7 Kd8 25. Rxe7 Qxe7 26. Qxg8+ Kc7 27. Rd1 Kb6 28. Qg3 Qe2 29. Qe1 Qxb2 30. Bb1 Qxa3 31. Ne5 Rxd5 32. Nxd7+ Ka7 33.
Qg1+ Ka8 34. Nb6+ Kb8 35. Nxd5 Bxd5 36. Rxd5 Qa5 37. Be4 Qc7 38. Rc5 Qa7 39. Rc8+ Kxc8 40. Qxa7 b4 41. Bc6 1-0

[Event "*** Titled Tuesday Blitz"]
[Site "Chess.com"]
[Date "2020.04.28"]
[Round "3"]
[White "SanQui14"]
[Black "PawnEatingZombie"]
[Result "1-0"]
[WhiteElo "2327"]
[BlackElo "2108"]
[TimeControl "180+1"]
[EndTime "10:28:50 PDT"]
[Termination "SanQui14 won on time"]

1. d4 d5 2. Bf4 e6 3. e3 Nf6 4. c3 Bd6 5. Bxd6 Qxd6 6. Nf3 c5 7.
Bd3 Nbd7 8. O-O b6 9. Nbd2 Bb7 10. Re1 O-O 11. e4 dxe4 12. Nxe4 Nxe4 13. Bxe4 Bxe4 14. Rxe4 Nf6 15. Re1 Rfd8 16. dxc5 Qxc5 17. Qe2 a5 18. h3 a4 19. a3 Rd5 20. Rad1 Rad8 21. Rxd5 Qxd5 22.
Nd4 h6 23. Qe5 Qxe5 24. Rxe5 Rd5 25. Rxd5 Nxd5 26. c4 Nf4 27. b3 axb3 28. Nxb3 Kf8 29. c5 bxc5 30. Nxc5 Ke7 31. h4 Kd6 32. Ne4+ Kc6 33. g3 Nd5 34. Kg2 f5 35. Nd2 Kb5 36.
Nf3 Ka4 37. Nd4 Nc7 38. Kf3 g5 39. h5 Kxa3 40. Nc6 Kb3 41. Nd8 e5 42. Nf7 e4+ 43. Kg2 Kc4 44. Nxh6 f4 45. Nf7 Ne6 46. h6 Nf8 47.
Nxg5 fxg3 48. Kxg3 Kd4 49. Ne6+ Nxe6 50. h7 1-0

[Event "*** Titled Tuesday Blitz"]
[Site "Chess.com"]
[Date "2020.04.28"]
[Round "3"]
[White "vugarrasulov"]
[Black "gurelediz"]
[Result "0-1"]
[WhiteElo "2758"]
[BlackElo "2609"]
[TimeControl "180+1"]
[EndTime "10:28:51 PDT"]
[Termination "gurelediz won by checkmate"]

1. d4 Nf6 2. Nf3 e6 3. g3 c5 4.
Bg2 d5 5. O-O Nc6 6. c4 dxc4 7.
Qa4 Bd7 8. dxc5 Bxc5 9. Qxc4 Bb6 10. Nc3 O-O 11. Qh4 h6 12. Bxh6 gxh6 13. Qxh6 Ng4 14. Qh5 f5 15. h3 Nf6 16. Qg6+ Kh8 17. Qh6+ Kg8 18. Qg5+ Kh8 19. Nh4 Be8 20. e4 Nh7 21.
Qf4 e5 22. Qh6 f4 23. Nd5 Qg5 24. Qxg5 Nxg5 25. gxf4 exf4 26. Kh2 f3 27. Bh1 Bd4 28. Nc7 Be5+ 29. Kg1 Nxh3# 0-1

[Event "*** Titled Tuesday Blitz"]
[Site "Chess.com"]
[Date "2020.04.28"]
[Round "3"]
[White "JSMastropiero"]
[Black "grzechu96"]
[Result "1-0"]
[WhiteElo "2422"]
[BlackElo "2591"]
[TimeControl "180+1"]
[EndTime "10:28:51 PDT"]
[Termination "JSMastropiero won by resignation"]

1. d4 d5 2. Bf4 Nf6 3. e3 e6 4.
Nf3 Bd6 5. Bg3 c5 6. c3 Qc7 7. Nbd2 Nbd7 8. Be2 O-O 9. O-O e5 10. Nxe5 Nxe5 11. dxe5 Bxe5 12. Bf3 Bf5 13. Qa4 Bxg3 14. hxg3 Rad8 15. Qf4 Qc8 16. Rfd1 Rfe8 17. Qa4 Qc7 18. Rac1 b6 19. Qb5 h5 20. a4 a5 21. Qb3 g5 22.
Be2 g4 23. Bb5 Re7 24. Re1 Kg7 25. Qd1 Rh8 26. Nf1 h4 27. gxh4 Rxh4 28. Ng3 Bg6 29. Bd3 Bxd3 30. Qxd3 Ne4 31. Qxd5 Nxg3 32. Qg5+ Kf8 33.
Qxh4 1-0

[Event "*** Titled Tuesday Blitz"]
[Site "Chess.com"]
[Date "2020.04.28"]
[Round "3"]
[White "claudyna16"]
[Black "Phenix2k"]
[Result "1-0"]
[WhiteElo "2534"]
[BlackElo "2295"]
[TimeControl "180+1"]
[EndTime "10:28:51 PDT"]
[Termination "claudyna16 won by resignation"]

1. c4 g6 2. g3 Bg7 3. Bg2 Nf6 4. Nc3 d6 5. e3 O-O 6. Nge2 Nbd7 7. O-O e5 8. b4 Re8 9. d3 Nf8 10. Rb1 h5 11. h3 Bd7 12. Bxb7 Bxh3 13. Bg2 Bxg2 14. Kxg2 Qd7 15. b5 N8h7 16. Nd5 Ng5 17. Ng1 c6 18. bxc6 Qxc6 19. e4 Rab8 20. Bxg5 Rxb1 21. Qxb1 Nxd5 22. exd5 Qc8 23. Re1 Qf5 24. Nf3 f6 25. Be3 g5 26. Bxa7 h4 27. Ng1 Kf7 28. c5 Rh8 29. c6 g4 30. d4 Qh5 31. dxe5 fxe5 32.
c7 hxg3 33. fxg3 Qh2+ 34. Kf1 Ke7 35. Re2 Qh5 36. Rf2 Rc8 37. Qb7 Qe8 38. Bb8 Qd7 39.
Qb1 Rxc7 40. Bxc7 Qxc7 41. Qg6 Qc4+ 42. Ne2 Qxd5 43. Qxg7+ 1-0

[Event "*** Titled Tuesday Blitz"]
[Site "Chess.com"]
[Date "2020.04.28"]
[Round "3"]
[White "2L8IWUN"]
[Black "FabriceWantiez"]
[Result "1-0"]
[WhiteElo "2712"]
[BlackElo "2428"]
[TimeControl "180+1"]
[EndTime "10:28:52 PDT"]
[Termination "2L8IWUN won by checkmate"]

1. d4 Nf6 2. Nf3 g6 3. g3 Bg7 4. Bg2 d5 5. O-O c6 6. c4 O-O 7.
Qb3 dxc4 8. Qxc4 Nbd7 9. Nc3 Nb6 10. Qd3 Be6 11. b3 a5 12. Bb2 a4 13. Nxa4 Nxa4 14.
bxa4 Rxa4 15. e4 Rxa2 16. Rxa2 Bxa2 17. e5 Nd7 18. Qa3 Bd5 19. Qb4 Qb6 20. Qxe7 Nxe5 21. Nxe5 Qxb2 22. Bxd5 cxd5 23. Nd7 Rc8 24. Ne5 Qxd4 25.
Qxf7+ Kh8 26. Qe6 Rf8 27. Nf7+ Rxf7 28. Qxf7 Qf6 29. Qxd5 b6 30. Rc1 h5 31. Rc6 Qa1+ 32.
Kg2 Kh7 33. Qd3 Bf6 34. Qd6 Kg7 35. Qd7+ Kh6 36. Qf7 Kg5 37. h4+ Kf5 38. Qe6# 1-0

[Event "*** Titled Tuesday Blitz"]
[Site "Chess.com"]
[Date "2020.04.28"]
[Round "3"]
[White "ShadowJolteon"]
[Black "1Przemyslaw1"]
[Result "1-0"]
[WhiteElo "2273"]
[BlackElo "2390"]
[TimeControl "180+1"]
[EndTime "10:28:53 PDT"]
[Termination "ShadowJolteon won on time"]

1. d4 d5 2. c4 e6 3. Nf3 Nf6 4. g3 Be7 5. Bg2 O-O 6. O-O c6 7. Nbd2 a5 8. Qc2 b6 9. Re1 Bb7 10. e4 Na6 11. e5 Nd7 12. cxd5 cxd5 13. h4 Rc8 14. Qb3 Nb4 15. Rb1 b5 16. a3 a4 17.
Qd1 Nc2 18. Re2 Qc7 19. Nf1 Nb6 20. Ne3 Nxe3 21. Bxe3 b4 22. Rc1 Qd7 23. axb4 Bxb4 24. Bd2 Qb5 25. Bxb4 Qxb4 26. h5 h6 27. g4 Rxc1 28. Qxc1 Rc8 29. Qf4 Qe7 30. g5 hxg5 31. Nxg5 Ba6 32. Re3 Rc1+ 33. Kh2 Rd1 34. Rg3 Nc4 35.
h6 g6 36. h7+ Kg7 37. h8=Q+ Kxh8 38. Qh4+ Kg8 39. Qh7+ 1-0

[Event "*** Titled Tuesday Blitz"]
[Site "Chess.com"]
[Date "2020.04.28"]
[Round "3"]
[White "Manukyan_Artak"]
[Black "DFeco"]
[Result "1-0"]
[WhiteElo "2403"]
[BlackElo "2187"]
[TimeControl "180+1"]
[EndTime "10:28:53 PDT"]
[Termination "Manukyan_Artak won by checkmate"]

1. e4 e5 2. Nf3 Nc6 3. d4 exd4 4. Nxd4 Bb4+ 5. c3 Bc5 6. Nxc6 bxc6 7. Bc4 Qh4 8. O-O Nf6 9. Qf3 O-O 10. Nd2 d5 11.
Bd3 Ng4 12. Qg3 Qh5 13. Be2 Qg6 14. exd5 Bd6 15. f4 Bc5+ 16. Kh1 Nf2+ 17. Rxf2 Qxg3 18.
hxg3 Bxf2 19. dxc6 Bxg3 20. Ne4 Bh4 21. g3 Bf5 22. Bf3 Bxe4 23. Bxe4 Bxg3 24. Kg2 Bh4 25. Kf3 Be7 26. Be3 a6 27. Rd1 Rad8 28. Rd7 Bd6 29. f5 g6 30. Bh6 Rfe8 31. Bg5 Rc8 32. fxg6 fxg6 33. Bd5+ Kf8 34. Bh6# 1-0

[Event "*** Titled Tuesday Blitz"]
[Site "Chess.com"]
[Date "2020.04.28"]
[Round "3"]
[White "ErikRonka"]
[Black "shyam"]
[Result "0-1"]
[WhiteElo "2423"]
[BlackElo "2697"]
[TimeControl "180+1"]
[EndTime "10:28:54 PDT"]
[Termination "shyam won by checkmate"]

1. e4 c5 2. Nf3 d6 3. d4 cxd4 4. Nxd4 Nf6 5. Nc3 a6 6. Be3 e5 7.
Nb3 Be7 8. f3 Be6 9. Qd2 O-O 10.
O-O-O Nbd7 11. g4 b5 12. g5 b4 13. gxf6 bxc3 14. Qxc3 Nxf6 15. Na5 Qd7 16. Nc6 Rfc8 17. Nxe7+ Qxe7 18. Qa5 Rc6 19. Rg1 Rac8 20. Rg2 Bh3 21. Rgd2 Bxf1 22. Rxf1 Qe6 23. Rfd1 h6 24. c3 Qh3 25.
Rxd6 Qxf3 26. Rd8+ Kh7 27. Bd2 Rxd8 28. Qxd8 Nxe4 29. Qd5 Rc5 30. Qd7 Nf2 31. Rg1 Rd5 32.
Qc6 Nd3+ 33. Kb1 Nf4 34. Qc4 Rxd2 35. Qxf7 Qd3+ 36. Ka1 Rd1+ 37. Rxd1 Qxd1# 0-1

[Event "*** Titled Tuesday Blitz"]
[Site "Chess.com"]
[Date "2020.04.28"]
[Round "3"]
[White "Spring199"]
[Black "APOKALIPSA13"]
[Result "0-1"]
[WhiteElo "2390"]
[BlackElo "2317"]
[TimeControl "180+1"]
[EndTime "10:28:54 PDT"]
[Termination "APOKALIPSA13 won by checkmate"]

1. d4 Nf6 2. c4 e6 3. Nf3 d5 4. g3 Bb4+ 5. Bd2 Bxd2+ 6. Nbxd2 dxc4 7. Nxc4 O-O 8. Bg2 a6 9. O-O Nbd7 10. Rc1 Qe7 11.
Nce5 c5 12. dxc5 Nxc5 13. Nc4 Rd8 14. Qc2 Nce4 15. Nfe5 Nd6 16. Nb6 Rb8 17. Qc7 Bd7 18. Nexd7 Nxd7 19. Rfd1 Rbc8 20. Nxc8 Rxc8 21. Qa5 Rxc1 22.
Rxc1 b6 23. Qxa6 h5 24. Qa7 Qd8 25. Rc7 Nc5 26. Qxb6 Nce4 27. Qc6 Kh7 28. Rd7 Qa5 29. Rxd6 Qe1+ 30. Bf1 Qxf2+ 31. Kh1 Qxf1# 0-1

[Event "*** Titled Tuesday Blitz"]
[Site "Chess.com"]
[Date "2020.04.28"]
[Round "3"]
[White "Quattroporte300"]
[Black "ZCorrales"]
[Result "1-0"]
[WhiteElo "2304"]
[BlackElo "2056"]
[TimeControl "180+1"]
[EndTime "10:28:54 PDT"]
[Termination "Quattroporte300 won by checkmate"]

1. e4 e5 2. Nf3 Nc6 3. Bb5 a6 4.
Ba4 Nf6 5. O-O b5 6. Bb3 Bc5 7. a4 Rb8 8. c3 d6 9. d4 Bb6 10.
a5 Ba7 11. h3 O-O 12. Re1 b4 13. Bg5 bxc3 14. bxc3 exd4 15. cxd4 Nxd4 16. Nxd4 Bxd4 17. Bxf7+ Rxf7 18. Qxd4 Qf8 19. Nc3 Be6 20. Qd3 Nd7 21. Be3 Ra8 22. Rab1 Ne5 23. Qe2 Bc4 24. Qd2 Nd3 25.
Red1 c5 26. Rb6 Rf6 27. f3 Rg6 28. Kh1 h6 29. Nd5 Bxd5 30. Qxd3 Be6 31. Qxd6 Qf7 32. Rb8+ Rxb8 33. Qxb8+ Kh7 34. Rd8 Rf6 35. Rh8+ Kg6 36. Qg3+ Kh5 37. Qe5+ g5 38. Qxg5# 1-0

[Event "*** Titled Tuesday Blitz"]
[Site "Chess.com"]
[Date "2020.04.28"]
[Round "3"]
[White "grunbergmihai"]
[Black "johnathan113"]
[Result "0-1"]
[WhiteElo "2407"]
[BlackElo "2636"]
[TimeControl "180+1"]
[EndTime "10:28:55 PDT"]
[Termination "johnathan113 won by resignation"]

1. Nf3 g6 2. c4 c5 3. d4 cxd4 4. Nxd4 Nf6 5. Nc3 Nc6 6. e4 Bg7 7. Be3 O-O 8. Be2 b6 9. Qd2 Bb7 10. f3 e6 11. O-O d5 12. Nxc6 Bxc6 13. cxd5 exd5 14. e5 Ne8 15. f4 f6 16. Bd4 fxe5 17.
fxe5 Nc7 18. Rxf8+ Qxf8 19. Bf3 Rd8 20. Rf1 Qe7 21.
Re1 Ne6 22. Bf2 Qb7 23. Nd1 d4 24. Bxc6 Qxc6 25. b3 Rd5 26. Bg3 Qc7 27. Qe2 d3 28. Qe4 Rd4 29. Qe3 d2 30. Rf1 h6 31. h4 h5 32. Nf2 Qc2 33. Rd1 Kh7 34. a4 Bh6 35.
Qf3 Qf5 36. Qxf5 gxf5 37. Kf1 Nc5 38. Rb1 Nd3 39. Ke2 Nxf2 40. Bxf2 Re4+ 41. Kd1 Rxe5 42. b4 Re4 43. a5 Rc4 44. axb6 Rc1+ 45. Ke2 Rxb1 0-1

[Event "*** Titled Tuesday Blitz"]
[Site "Chess.com"]
[Date "2020.04.28"]
[Round "3"]
[White "1f3_2g41-0"]
[Black "Noam_Vitenberg"]
[Result "1-0"]
[WhiteElo "2217"]
[BlackElo "2485"]
[TimeControl "180+1"]
[EndTime "10:28:55 PDT"]
[Termination "1f3_2g41-0 won on time"]

1. e4 e5 2. Nf3 Nc6 3. Bb5 a6 4. Ba4 Nf6 5. O-O Be7 6. Re1 b5 7. Bb3 O-O 8. c3 d5 9. exd5 Nxd5 10. d4 exd4 11. cxd4 Bg4 12. Nc3 Nb6 13. d5 Na5 14.
Bc2 Bf6 15. Qd3 g6 16. Rd1 Nac4 17. Bh6 Nxb2 18. Qe3 Nxd1 19. Rxd1 Re8 20. Ne4 Bh8 21. d6 cxd6 22. Qf4 Bxf3 23. Qxf3 d5 24. Bb3 Rxe4 25.
Bxd5 Nxd5 26. Qxe4 Rc8 27. Rxd5 Qf6 28. g3 Qe6 29.
Qd3 Qe8 30. Rd7 Bf6 31. Qd6 Rd8 32. Qxf6 Qe1+ 33. Kg2 Qe4+ 34. f3 Qe2+ 35. Kh3 1-0

[Event "*** Titled Tuesday Blitz"]
[Site "Chess.com"]
[Date "2020.04.28"]
[Round "3"]
[White "IamSchrodingersCat"]
[Black "ZarinaShafigullina"]
[Result "0-1"]
[WhiteElo "2473"]
[BlackElo "2205"]
[TimeControl "180+1"]
[EndTime "10:28:56 PDT"]
[Termination "ZarinaShafigullina won on time"]

1. e4 c5 2. Nf3 Nc6 3. d4 cxd4 4. Nxd4 Nf6 5. Nc3 e5 6. Ndb5 d6 7. Bg5 a6 8. Na3 b5 9. Bxf6 gxf6 10. Nd5 f5 11. Nxb5 axb5 12. Bxb5 Bd7 13. exf5 Qa5+ 14. c3 O-O-O 15. a4 Ne7 16. O-O Bxf5 17. b4 Qa7 18. a5 Nxd5 19. Qxd5 Be6 20. Qc6+ Kb8 21. Be2 d5 22. b5 Qc5 23. Qxc5 Bxc5 24. b6 Rhg8 25.
Rfd1 d4 26. cxd4 Bxd4 27. Rab1 Bd5 28. Bf1 f5 29. g3 f4 0-1

[Event "*** Titled Tuesday Blitz"]
[Site "Chess.com"]
[Date "2020.04.28"]
[Round "3"]
[White "skoularikii"]
[Black "AlexTriapishko"]
[Result "0-1"]
[WhiteElo "2524"]
[BlackElo "2753"]
[TimeControl "180+1"]
[EndTime "10:28:58 PDT"]
[Termination "AlexTriapishko won by resignation"]

1. e4 c5 2. Nf3 Nc6 3. c3 Nf6 4. e5 Nd5 5. Bc4 Nb6 6. Bb3 d6 7. exd6 e6 8. O-O Bxd6 9. d3 O-O 10. Nbd2 Nd5 11. Ne4 Be7 12. d4 cxd4 13. Nxd4 Bd7 14. Bc2 Nxd4 15. Qxd4 Qb6 16. Qxb6 Nxb6 17. Rd1 Bc6 18.
b3 Rfd8 19. Bb2 f5 20. Nd2 Bf6 21. Nf1 Nd5 22. Rac1 Nf4 23. Rxd8+ Rxd8 24. Re1 Nxg2 25. Rxe6 Nf4 26. Re3 g6 27. Bc1 Nd5 28. Rd3 Nxc3 29.
Rxd8+ Bxd8 30. Bd3 Nxa2 31. Bd2 a5 32. Bc4+ Kg7 33.
Ne3 Nb4 34. Be2 b5 35. Nd1 Nd5 36. Nb2 Bf6 37. Nd3 a4 38. bxa4 bxa4 39. Bc1 Nc3 40. Bf1 Bb5 41. Nc5 Bxf1 42. Kxf1 Be7 43. Ne6+ Kf7 44.
Nd4 Bc5 45. Nc2 Ke6 46. Ke1 Kd5 47. Kd2 Ne4+ 48. Kd3 Nxf2+ 49. Kc3 Ne4+ 50. Kb2 Kc4 51. Bf4 Nf2 52. Be5 Nd3+ 53. Ka2 Nxe5 54. Ne1 Nc6 55. Ng2 Nb4+ 56. Kb1 a3 57. Ne1 a2+ 0-1

[Event "*** Titled Tuesday Blitz"]
[Site "Chess.com"]
[Date "2020.04.28"]
[Round "3"]
[White "temiksmozg"]
[Black "Irishchessman16"]
[Result "0-1"]
[WhiteElo "2619"]
[BlackElo "2421"]
[TimeControl "180+1"]
[EndTime "10:28:58 PDT"]
[Termination "Irishchessman16 won by resignation"]

1. d4 d5 2. c4 e6 3. Nc3 a6 4. cxd5 exd5 5. Nf3 Nf6 6. Bf4 Bd6 7. Be5 c6 8. e3 O-O 9. Bd3 Bxe5 10. dxe5 Nfd7 11. Qc2 h6 12. e4 d4 13. Ne2 Nxe5 14. Nxe5 Qa5+ 15. b4 Qxe5 16. Qc5 Qxc5 17. bxc5 Nd7 18.
Rc1 Ne5 19. Kd2 f5 20. exf5 Nxd3 21. Kxd3 Bxf5+ 22. Kd2 Be6 23. f3 Bxa2 24. Nxd4 Rad8 25. Kc3 Rd5 26. Rce1 Rxc5+ 27. Kb2 Bd5 28. Re7 Rc4 29. Nc2 b5 30. Ra1 Ra8 31. Rc7 a5 32. Re1 Rf4 33. Rd7 Rf7 34. Rd6 b4 35. Re5 Rb7 36. Ne3 a4 37. Nf5 a3+ 38. Kb1 b3 39.
Ne7+ Rxe7 40. Rxe7 a2+ 41. Ka1 b2+ 42. Kxb2 a1=Q+ 0-1

[Event "*** Titled Tuesday Blitz"]
[Site "Chess.com"]
[Date "2020.04.28"]
[Round "3"]
[White "Richarzard69"]
[Black "FROGGY64"]
[Result "1-0"]
[WhiteElo "2243"]
[BlackElo "2439"]
[TimeControl "180+1"]
[EndTime "10:28:58 PDT"]
[Termination "Richarzard69 won by checkmate"]

1. Nf3 d5 2. c4 c6 3. d4 Nf6 4. Qb3 Qb6 5. g3 g6 6. Bg2 Bg7 7. O-O Qxb3 8. axb3 O-O 9. Nc3 Bf5 10. Ne5 e6 11. b4 Nbd7 12. b5 Nxe5 13. dxe5 Nd7 14. bxc6 bxc6 15. f4 h5 16. e4 dxe4 17. Nxe4 Bxe4 18.
Bxe4 Rfc8 19. Be3 a6 20. Rfd1 Rc7 21. Kf2 Bf8 22. Rxd7 Rxd7 23. Bxc6 Rdd8 24. Bxa8 Rxa8 25. c5 Rb8 26. Rxa6 Rxb2+ 27. Kf3 Rc2 28. c6 Rc3 29.
Ke4 Kg7 30. Bd4 Rc2 31. Kd3 Rc1 32. Bc3 Rd1+ 33. Kc4 Rd8 34. c7 Rc8 35. Ba5 Be7 36. Kb5 g5 37. Kc6 h4 38. Kd7 gxf4 39. gxf4 Rxc7+ 40. Bxc7 Bc5 41. Bd6 Be3 42. Ra4 h3 43. Ra3 Bxf4 44.
Rxh3 Kg6 45. Rf3 Bxh2 46. Ke8 f5 47. exf6 Bxd6 48. f7 e5 49. f8=Q Bxf8 50. Kxf8 e4 51. Rf4 e3 52. Re4 Kf5 53. Rxe3 Kf4 54. Re7 Kf5 55.
Kf7 Kg5 56. Re6 Kf5 57. Ke7 Kg5 58. Kd6 Kf5 59. Re5+ Kf4 60. Ke6 Kg4 61. Kf6 Kf4 62. Ke6 Kg4 63. Kd5 Kf4 64. Kd4 Kg4 65. Ke4 Kg3 66. Rf5 Kg4 67. Ke5 Kg3 68. Rf4 Kh3 69.
Ke4 Kg3 70. Ke3 Kg2 71. Rf3 Kg1 72. Rf2 Kh1 73. Kf3 Kg1 74. Kg3 Kh1 75. Rf1# 1-0